 Dungeon Crawl Stone Soup version 0.17-a0-2122-g03d97ec (webtiles) character file.

130 radek the Conjurer (level 4, -4/24 HPs)
             Began as a Deep Elf Conjurer on Oct 21, 2015.
             Was an Initiate of Vehumet.
             Slain by an orc priest
             ... wielding a +0 flail of holy wrath
              (13 damage)
             ... on level 4 of the Dungeon.
             The game lasted 00:13:00 (2727 turns).

radek the Conjurer (Deep Elf Conjurer)              Turns: 2727, Time: 00:13:00

Health: -4/24      AC:  3    Str:  6    XL:     4   Next: 90%
Magic:  4/10       EV: 13    Int: 20    God:    Vehumet [......]
Gold:   104        SH:  0    Dex: 15    Spells: 1 memorised, 8 levels left

rFire  . . .     SeeInvis .     (no weapon)
rCold  . . .     Clarity  .     a - +1 robe
rNeg   . . .     SustAt   .     (no shield)
rPois  .         Gourm    .     (no helmet)
rElec  .         Spirit   .     (no cloak)
rCorr  .         Warding  .     (no gloves)
rMut   .         Stasis   +     (no boots)
MR     .....                    o - amulet of stasis
Stlth  ++........               (no ring)
                                (no ring)

@: not resistant to hostile enchantments, unstealthy
A: no striking features
a: Renounce Religion


You were on level 4 of the Dungeon.
You worshipped Vehumet.
Vehumet was noncommittal.
You were not hungry.

You visited 2 branches of the dungeon, and saw 5 of its levels.

You collected 104 gold pieces.

Inventory:

Missiles
 q - 4 steel javelins (quivered)
Armour
 a - a +1 robe (worn)
Jewellery
 o - an amulet of stasis (around neck)
Wands
 n - a wand of polymorph (10)
Scrolls
 e - a scroll of random uselessness
 k - a scroll of identify
 p - a scroll of remove curse
Potions
 d - a potion of might {unknown}
 g - a potion of magic {unknown}
 j - a potion of flight {unknown}
 m - 3 potions of heal wounds {unknown}
Books
 b - a book of Conjurations

   Spells                             Type                      Level
   a - Magic Dart                     Conjuration                  1
   b - Searing Ray                    Conjuration                  2
   c - Dazzling Spray                 Conjuration/Hexes            3
   d - Fulminant Prism                Conjuration/Hexes            4
   e - Iskenderun's Mystic Blast      Conjuration                  4
   f - Iskenderun's Battlesphere      Conjuration/Charms           5
Comestibles
 c - 4 bread rations
 h - 2 meat rations
 i - a slice of pizza


   Skills:
 - Level 2.4 Dodging
 - Level 2.4 Stealth
 - Level 3.0 Spellcasting
 + Level 6.9 Conjurations


You had 8 spell levels left.
You knew the following spells:

 Your Spells              Type           Power        Failure   Level  Hunger
a - Magic Dart            Conj           ####         1%          1    None


Dungeon Overview and Level Annotations

Branches:
Dungeon (4/15)             Temple (1/1) D:4

Altars:
Ashenzari
Cheibriados
Dithmenos
Elyvilon
Fedhas
Gozag
Kikubaaqudgha
Makhleb
Nemelex Xobeh
Okawaru
Qazlal
Ru
Sif Muna
Trog
Vehumet
Xom
Yredelemnul
Zin
The Shining One

Annotations:
D:3 Grinder


Message History

The magic dart hits the orc priest.
The orc priest is heavily wounded.
Casting: Magic Dart
Confirm with . or Enter, or press ? or * to list all spells.
Aiming: Magic Dart
Press: ? - help, Shift-Dir - straight line, f/p - orc priest
Aim: an orc priest, wielding a flail of holy wrath (heavily wounded)
The magic dart hits the orc priest.
The orc priest is heavily wounded.
The orc priest hits you with a flail of holy wrath.
Casting: Magic Dart
Confirm with . or Enter, or press ? or * to list all spells.
Aiming: Magic Dart
Press: ? - help, Shift-Dir - straight line, f/p - orc priest
Aim: an orc priest, wielding a flail of holy wrath (heavily wounded)
The magic dart hits the orc priest.
The orc priest is almost dead.
The orc priest hits you with a flail of holy wrath!
Ouch! That really hurt!
You die...

#..# #..# # #..
#.#.. #.#.#######o
#..o.)o.o.†.
###.##############
#o# #....o.# #.#
#.####@# #.# #.#
#.# ###o# #.# #.#
.o..# #.# #.#
###########.# #.#
..........#.# #.#
#########.#o# #.#
...#.####.#.# #.#
..........#.####.#


You could see an orc priest.

Vanquished Creatures
  An orc wizard (D:4)
  5 adders
  A worm (D:2)
  An orc (D:4)
  A giant cockroach (D:2)
  9 goblins
  12 hobgoblins
  9 kobolds
  2 quokkas (D:2)
  5 bats
  A giant gecko (D:2)
  A giant newt (D:1)
  3 jackals (D:2)
  A jackal skeleton (D:4)
  9 rats
61 creatures vanquished.

Notes
Turn   | Place    | Note
--------------------------------------------------------------
     0 | D:1      | radek the Deep Elf Conjurer began the quest for the Orb.
     0 | D:1      | Reached XP level 1. HP: 10/10 MP: 6/6
   171 | D:1      | Reached XP level 2. HP: 15/15 MP: 5/8
   180 | D:1      | Reached skill level 5 in Conjurations
   938 | D:2      | Reached XP level 3. HP: 19/19 MP: 4/9
  1528 | D:2      | Reached skill level 6 in Conjurations
  1637 | D:2      | Reached XP level 4. HP: 24/24 MP: 6/10
  1967 | D:1      | You fall through a shaft!
  2197 | D:3      | Found a snail-covered altar of Cheibriados.
  2324 | D:3      | Found a faded altar to an unknown god.
  2406 | D:3      | Noticed Grinder
  2498 | D:4      | Found a staircase to the Ecumenical Temple.
  2504 | Temple   | Entered the Ecumenical Temple
  2537 | Temple   | Became a worshipper of Vehumet
  2727 | D:4      | Slain by an orc priest

Vault maps used:
D:1:      minmay_arrival_radiant_lines, minmay_quantized
D:2:      kennysheep_big_flooded_room
D:3:      cheibriados_altar_1, first_bread, ecumenical_altar_2,
          small_statue_intersection, serial_bayou_pond_a, minivault_23,
          st_stairs_7, uniq_crazy_yiuf_cottage, uniq_grinder
D:4:      minmay_temple_entry_fiery
Temple:   grunt_circular_temple_18

Action                   |  1- 3 |  4- 6 || total
-------------------------+-------+-------++-------
 Cast: Magic Dart        |    85 |    42 ||   127
  Use: Scroll            |     6 |     2 ||     8
  Eat: Chunk             |     2 |     2 ||     4
       Beef jerky        |       |     1 ||     1
